 Dungeon Crawl Stone Soup version 0.22-a0-355-g201945f (webtiles) character file.

1738 Amnesiac the Grave Robber (level 8, -6/52 HPs)
             Began as a Deep Elf Necromancer on Apr 17, 2018.
             Was a Follower of Sif Muna.
             Mangled by an ice beast (12 damage)
             ... on level 8 of the Dungeon.
             The game lasted 00:12:03 (7474 turns).

Amnesiac the Grave Robber (Deep Elf Necromancer)    Turns: 7474, Time: 00:12:03

Health: -6/52      AC:  7    Str:  7    XL:     8   Next: 77%
Magic:  0/17       EV: 16    Int: 28    God:    Sif Muna [*.....]
Gold:   481        SH:  0    Dex: 15    Spells: 10/17 levels left

rFire    . . .     SeeInvis .   q - +0 hunting sling
rCold    . . .     Gourm    .   (no shield)
rNeg     . . .     Faith    .   a - +0 robe
rPois    .         Spirit   .   (no helmet)
rElec    .         Reflect  .   k - +1 cloak
rCorr    .         Harm     .   t - +2 pair of gloves
MR       .....                  (no boots)
Stlth    ++........             (no amulet)
HPRegen  0.17/turn              b - +2 ring of strength
MPRegen  0.15/turn              x - +5 ring of intelligence

@: no casting
A: no striking features
a: Stop Divine Energy, Renounce Religion


You were on level 8 of the Dungeon.
You worshipped Sif Muna.
Sif Muna was aware of your devotion.
You were not hungry.

You visited 2 branches of the dungeon, and saw 9 of its levels.

You collected 481 gold pieces.

Inventory:

Hand Weapons
 q - a +0 hunting sling (weapon)
Missiles
 e - 4 sling bullets (quivered)
 r - 212 stones
Armour
 a - a +0 robe (worn)
 k - a +1 cloak (worn)
 t - a +2 pair of gloves (worn)
Jewellery
 b - a +2 ring of strength (left hand)
 x - a +5 ring of intelligence (right hand)
Scrolls
 d - 5 scrolls of teleportation {!r}
 f - a scroll of enchant weapon {!r, unknown}
 g - a scroll of fog {!r, unknown}
 h - 2 scrolls of noise {!r, unknown}
 l - 6 scrolls of amnesia {!r}
 m - a scroll of immolation {!r}
 n - a scroll of fear {!r}
 u - a scroll of identify {!r}
 w - 3 scrolls of remove curse {!r, unknown}
Potions
 j - a potion of cancellation {!q}
 o - a potion of agility {!q}
 p - 2 potions of curing {!q}
 v - 2 potions of magic {!q}
 z - a potion of brilliance {!q}
 B - a potion of haste {!q}
Comestibles
 c - 6 rations


   Skills:
 - Level 6.6 Fighting
 - Level 6.7 Dodging
 - Level 2.4 Stealth
 + Level 5.3 Spellcasting
 * Level 7.5 Necromancy


You had 10 spell levels left.
You knew the following spells:

 Your Spells              Type           Power        Failure   Level  Hunger
a - Pain                  Necr           ####         1%          1    None
d - Vampiric Draining     Necr           #####.....   1%          3    #......
r - Regeneration          Chrm/Necr      ####......   4%          3    #......


Dungeon Overview and Level Annotations

Branches:
Dungeon (8/15)             Temple (1/1) D:6
   Lair: D:8-11

Altars:
Ashenzari
Cheibriados
Dithmenos
Elyvilon
Fedhas
Gozag
Hepliaklqana
Kikubaaqudgha
Makhleb
Nemelex Xobeh
Okawaru
Qazlal
Ru
Sif Muna
Trog
Uskayaw
Vehumet
Wu Jian
Xom
Yredelemnul
Zin
The Shining One

Annotations:
D:3 Nattefrost's ghost, amateur HuHu
D:6 exclusion: oklob plant
D:8 Maurice


Message History

Press: ? - help, Shift-Dir - straight line, f/p - Maurice
Aim: Maurice, wielding a short sword and wearing an embroidered cloak (lightly wounded, chance to defeat MR: 84%) Maurice writhes in agony!
Maurice zaps a wand.
The bolt of acid misses you.
It is a wand of acid (4).
Casting: Pain (safe; 1% risk of failure)
Confirm with . or Enter, or press ? or * to list all spells.
Aiming: Vampiric Draining (safe; 1% risk of failure)
Press: ? - help, Shift-Dir - straight line, f/p - Maurice
Aim: Maurice, wielding a short sword, wearing an embroidered cloak and carrying a wand of acid (4) (lightly wounded) Maurice is heavily wounded.
You feel life coursing into your body. Maurice hits you with a short sword.
Maurice steals your potion of mutation {!q}!
Casting: Vampiric Draining (safe; 1% risk of failure)
Confirm with . or Enter, or press ? or * to list all spells.
Aiming: Vampiric Draining (safe; 1% risk of failure)
Press: ? - help, Shift-Dir - straight line, f/p - Maurice
Aim: Maurice, wielding a short sword, wearing an embroidered cloak and carrying a wand of acid (4) (heavily wounded) Maurice is heavily wounded.
You feel life coursing into your body.
Maurice zaps a wand.
The bolt of acid hits you!
* * * LOW HITPOINT WARNING * * *
You are splashed with acid!
The acid burns!
* * * LOW HITPOINT WARNING * * *
Casting: Vampiric Draining (safe; 1% risk of failure)
Confirm with . or Enter, or press ? or * to list all spells.
Aiming: Vampiric Draining (safe; 1% risk of failure)
Press: ? - help, Shift-Dir - straight line, f/p - Maurice
Aim: Maurice, wielding a short sword, wearing an embroidered cloak and carrying a wand of acid (3) (heavily wounded) Maurice is severely wounded.
You feel life coursing into your body. Maurice barely misses you.
Casting: Vampiric Draining (safe; 1% risk of failure)
Confirm with . or Enter, or press ? or * to list all spells.
Aiming: Vampiric Draining (safe; 1% risk of failure)
Press: ? - help, Shift-Dir - straight line, f/p - Maurice
Aim: Maurice, wielding a short sword, wearing an embroidered cloak and carrying a wand of acid (3) (severely wounded) Maurice is almost dead.
You feel life coursing into your body. Sif Muna grants you divine energy.
You briefly lose access to your magic!
Maurice misses you.
All of the chunks of flesh in your inventory have rotted away.
You are unable to access your magic!
An electric eel comes into view.
An ice beast comes into view.
You regain access to your magic.
Maurice gestures wildly while chanting.
Maurice looks slightly unstable.
You aren't carrying any items that you can evoke.
Maurice zaps a wand.
The bolt of acid hits you!
* * * LOW HITPOINT WARNING * * *
You are splashed with acid!
The acid burns!
* * * LOW HITPOINT WARNING * * *
Maurice disappears!
Casting: Vampiric Draining (safe; 1% risk of failure)
Confirm with . or Enter, or press ? or * to list all spells.
Aiming: Vampiric Draining (safe; 1% risk of failure)
Press: ? - help, Shift-Dir - straight line, f - ice beast
Aim: an ice beast The ice beast is moderately wounded.
You feel life coursing into your body. Sif Muna grants you divine energy.
You briefly lose access to your magic!
The ice beast hits you.
* * * LOW HITPOINT WARNING * * *
The ice beast freezes you!
You die...

≈≈≈ .#.#
;≈≈≈.#.# ≈≈≈≈
..# ≈≈≈≈...#
≈≈.#.## ....
#Y### #@.)#
≈≈.###.######.a
≈≈≈.[...<......#
.....##..#####.#
##.. #..# ##
#..# #..# #..#
#(.#


You could see an ice beast.

Vanquished Creatures
  Menkaure (D:5)
  A water moccasin (D:6)
  2 ice beasts
  A sky beast (D:7)
  3 ogres
  A centaur (D:6)
  A big kobold (D:6)
  A bullfrog (D:6)
  A scorpion (D:4)
  2 howler monkeys
  A bullfrog zombie (D:7)
  An orc priest (D:7)
  2 bullfrog skeletons (D:4)
  3 hounds
  3 iguanas (D:5)
  2 orc wizards (D:7)
  2 worker ants
  A hound zombie (D:6)
  4 gnolls (D:5)
  7 adders
  A worm (D:4)
  9 dart slugs (D:5)
  2 leopard geckos
  9 orcs
  4 giant cockroaches
  7 goblins
  8 hobgoblins
  9 jackals
  30 kobolds
  3 quokkas
  2 ball pythons
  A ball python skeleton (D:5)
  6 bats
  8 frilled lizards
  A jackal skeleton (D:4)
  5 rats
145 creatures vanquished.

Notes
Turn   | Place    | Note
-------+----------+-------------------------------------------
     0 | D:1      | Amnesiac the Deep Elf Necromancer began the quest for the Orb.
     0 | D:1      | Reached XP level 1. HP: 10/10 MP: 6/6
    92 | D:1      | Reached skill level 1 in Fighting
   198 | D:1      | Reached XP level 2. HP: 8/16 MP: 4/8
   829 | D:1      | Reached XP level 3. HP: 16/21 MP: 6/9
   834 | D:1      | Learned a level 3 spell: Vampiric Draining
   838 | D:1      | Learned a level 3 spell: Regeneration
   859 | D:1      | You fall through a shaft!
   859 | D:2      | Found a faded altar of an unknown god.
   886 | D:2      | Found a snail-covered altar of Cheibriados.
   986 | D:2      | Reached XP level 4. HP: 6/27 MP: 0/10
  1809 | D:2      | Found an opulent altar of Gozag.
  1812 | D:2      | Found a burning altar of Makhleb.
  1813 | D:2      | Found a hazy altar of Hepliaklqana.
  1813 | D:2      | Found a bloodstained altar of Trog.
  2589 | D:3      | Noticed Nattefrost's ghost (amateur HuHu)
  3378 | D:4      | Reached XP level 5. HP: 29/32 MP: 6/11
  3805 | D:4      | Reached XP level 6. HP: 25/38 MP: 6/12
  4262 | D:5      | Entered Level 5 of the Dungeon
  4599 | D:5      | Noticed Menkaure
  4641 | D:5      | Killed Menkaure
  4641 | D:5      | Reached skill level 5 in Fighting
  4641 | D:5      | Reached skill level 5 in Dodging
  4641 | D:5      | Reached XP level 7. HP: 14/44 MP: 13/13
  4777 | D:5      | Found a shadowy altar of Dithmenos.
  5514 | D:6      | Noticed an oklob plant
  5515 | D:6      | Found a bloodstained altar of Trog.
  5708 | D:6      | Reached XP level 8. HP: 35/52 MP: 4/14
  6025 | D:6      | Found a staircase to the Ecumenical Temple.
  6060 | Temple   | Entered the Ecumenical Temple
  6198 | Temple   | Became a worshipper of Sif Muna the Loreminder
  6278 | D:6      | Reached skill level 5 in Necromancy
  6971 | D:7      | Reached skill level 6 in Necromancy
  7183 | D:7      | Reached * piety under Sif Muna
  7230 | D:7      | Reached skill level 5 in Spellcasting
  7230 | D:7      | Reached skill level 7 in Necromancy
  7456 | D:8      | Noticed Maurice
  7466 | D:8      | HP: 2/52 [acid (12)]
  7474 | D:8      | Mangled by an ice beast

Vault maps used:
D:1:      lemuel_arrival_room, serial_forest, infiniplex_forest_zigzag_1,
          infiniplex_forest_corner_1, infiniplex_forest_lined_room_,
          infiniplex_forest_lined_3, infiniplex_forest_split,
          infiniplex_forest_straight_3, infiniplex_forest_lined_4_way,
          infiniplex_forest_clump_long, infiniplex_forest_clump_double,
          minmay_misc_feat_diagonals
D:2:      cheibriados_altar_1, chequers_temple_overflow_statue_of_worship,
          chequers_ecumenical_altar_lobes
D:4:      first_ration, due_unseen_surprise
D:5:      kennysheep_slugbush, nicolae_dithmenos_through_a_glass_darkly,
          uniq_menkaure
D:6:      kennysheep_kobold_camp, minmay_temple_entry_grid, minivault_5,
          lemuel_oklob_altar
D:7:      serial_shops, nicolae_shop_waterfront
D:8:      hangedman_ranch, minmay_misc_feat_x, serial_park_tiny_1, minivault_14,
          minivault_29, uniq_maurice, uniq_gastronok
Temple:   regret_index_temple_sphere_string

Skill      XL: |  1  2  3  4  5  6  7  8 |
---------------+-------------------------+-----
Fighting       | 1 2 3 4 5 6 |  6.6
Dodging        | 3 4 5 6 |  6.7
Necromancy     | 7 |  7.5
Spellcasting   | 5 |  5.3
Stealth        | |  2.4

Action                   |  1- 3 |  4- 6 |  7- 9 || total
-------------------------+-------+-------+-------++-------
Melee: Unarmed           |     2 |    10 |       ||    12
 Fire: Hunting sling     |       |    88 |   282 ||   370
 Cast: Pain              |    55 |    99 |    24 ||   178
       Regeneration      |       |     2 |     2 ||     4
       Vampiric Draining |       |     2 |    37 ||    39
Invok: Divine Energy     |       |       |     1 ||     1
  Use: Potion            |     1 |       |       ||     1
       Scroll            |       |     9 |     3 ||    12
  Eat: Chunk             |       |     8 |     7 ||    15
       Ration            |       |     1 |     1 ||     2
Armor: Robe              |     3 |    14 |    54 ||    71
Dodge: Dodged            |    10 |    64 |   239 ||   313

Table legend:
 A = Spawn XP
 B = Non-spawn XP
 C = Spawn XP percentage of total XP
 D = Spawn monster count
 E = Non-spawn monster count
 F = Spawn count percentage of total count
 G = Total turns spent on level
                    A         B        C        D         E        F      G
               +---------+---------+-------+---------+---------+-------+---------
         Total |       0 |    2484 |   0.0 |       0 |     145 |   0.0 |  7474
               +---------+---------+-------+---------+---------+-------+---------
           D:1 |       0 |      45 |   0.0 |       0 |      29 |   0.0 |  1427
           D:2 |       0 |     115 |   0.0 |       0 |      26 |   0.0 |  1109
           D:3 |       0 |      11 |   0.0 |       0 |       7 |   0.0 |   685
           D:4 |       0 |     371 |   0.0 |       0 |      11 |   0.0 |  1206
           D:5 |       0 |     511 |   0.0 |       0 |      22 |   0.0 |  1041
           D:6 |       0 |     693 |   0.0 |       0 |      33 |   0.0 |  1237
           D:7 |       0 |     738 |   0.0 |       0 |      17 |   0.0 |   596
               +---------+---------+-------+---------+---------+-------+---------
